 Dungeon Crawl Stone Soup version 0.28.0-53-g5a82cb258f (webtiles) character file.

Game seed: 1001793407901627879

60 styxcanada the Sneak (level 3, -4/18 HPs)
             Began as a Spriggan Brigand on July 10, 2022.
             Slain by a goblin
             ... wielding a +0 dagger of electrocution
             ... led by Robin
              (15 damage)
             ... on level 2 of the Dungeon.
             The game lasted 00:05:06 (1373 turns).

styxcanada the Sneak (Spriggan Brigand)             Turns: 1373, Time: 00:05:07

Health: -4/18      AC:  3    Str:  7    XL:     3   Next: 80%
Magic:  4/4        EV: 17    Int: 12    God:
Gold:   20         SH:  0    Dex: 18    Spells: 2/2 levels left

rFire   . . .      SeeInvis +   a - +2 dagger
rCold   . . .      Faith    .   (no shield)
rNeg    . . .      Spirit   .   b - +0 robe
rPois   .          Reflect  .   (helmet restricted)
rElec   .          Harm     .   c - +0 cloak
rCorr   .          Rampage  .   (gloves unavailable)
Will    .....                   (boots unavailable)
Stlth   ++++......              (no amulet)
HPRegen 0.06/turn               (no ring)
MPRegen 0.09/turn               (no ring)

@: very quick
A: very small, no large weapons, unfitting armour, see invisible, speed 3
a: no special abilities


You were on level 2 of the Dungeon.
You visited 1 branch of the dungeon, and saw 2 of its levels.

You collected 20 gold pieces.

Inventory:

Hand Weapons
 a - a +2 dagger (weapon)
 f - a +0 hunting sling
Missiles
 g - 4 boomerangs (quivered)
 j - 10 stones
Armour
 b - a +0 robe (worn)
 c - a +0 cloak (worn)
Scrolls
 i - a scroll of magic mapping {unknown}
 k - a scroll of teleportation {unknown}
 l - a scroll of holy word {unknown}
 m - a scroll of fog {unknown}
 o - a scroll of immolation {unknown}
 p - a scroll of torment {unknown}
Potions
 h - a potion of heal wounds {unknown}
 n - 2 potions of degeneration {unknown}


   Skills:
 + Level 1.6 Fighting
 + Level 3.0 Short Blades
 + Level 2.1 Throwing
 + Level 2.0 Dodging
 + Level 7.3 Stealth


You had 2 spell levels left.
You didn't know any spells.
Your spell library contained the following spells:

 Spells                   Type           Power      Damage    Failure   Level
 Gell's Gravitas          Tloc           0%         N/A       69%         3
 Lesser Beckoning         Tloc           0%         N/A       69%         3
 Teleport Other           Tloc           0%         N/A       69%         3


Dungeon Overview and Level Annotations

Branches:
Dungeon (2/15)

Altars:


Innate Abilities, Weirdness & Mutations

You are very small and have problems with some larger weapons.
You are too small for most types of armour.
You have supernaturally acute eyesight. (SInv)
You cover ground extremely quickly. (Speed+++)


Message History

You throw a poisoned dart. The poisoned dart barely misses Robin.
The poisoned dart barely misses the hobgoblin.
The poisoned dart barely misses the goblin.
Throw: dart (poison)
Press: ? - help, Q - select action, (/) - cycle Shift-Dir - straight line, f/p - Robin
Aim: Robin, wielding a +0 mace, wearing a +0 animal skin and wearing a +0 helmet (moderately wounded, poisoned, 69% to hit)
You throw a poisoned dart. The poisoned dart hits Robin.
Robin looks even sicker.
Robin is moderately wounded.
Robin points. "Kill!"
Throw: 2 darts (curare)
Press: ? - help, Q - select action, (/) - cycle Shift-Dir - straight line, f/p - Robin
Aim: Robin, wielding a +0 mace, wearing a +0 animal skin and wearing a +0 helmet (moderately wounded, very poisoned, 69% to hit)
You throw a curare-tipped dart. The curare-tipped dart hits Robin.
Robin looks as sick as possible!
Robin convulses.
Robin seems to slow down.
Robin is almost dead.
You kill Robin!
Your Dodging skill increases to level 2!
Throw: dart (curare)
Press: ? - help, Q - select action, (/) - cycle Shift-Dir - straight line, f - hobgoblin
Aim: a hobgoblin (strong, 62% to hit)
You throw a curare-tipped dart.
The curare-tipped dart barely misses the hobgoblin.
The curare-tipped dart completely misses the goblin.
The curare-tipped dart hits the goblin.
The goblin is poisoned.
The goblin convulses.
You kill the goblin!
Your Short Blades skill increases to level 3!
You hit the hobgoblin.
The hobgoblin is severely wounded.
The hobgoblin hits you.
You hit the hobgoblin.
You kill the hobgoblin!
You hit the goblin.
The goblin is heavily wounded.
The goblin hits you with a +0 dagger of electrocution.
You are electrocuted!
Ouch! That really hurt!
You die...

#......##...................#
#.>...##.....................
#...................#...)...#
#.....#.............#.#.....#
##....##............#........
#............##...#......[...
#...........####.####.#......
#.......).#.####.####.......#
####.#.####.@g.).).####......
#.#.# ######÷#.).†(.((...
#...# ##.######...... #..##
#....##........ #..#
#....##........
#.##########....##........
#####...........##........
#...........###....#...
###########........####


You could see a goblin (strong).

Vanquished Creatures
  Robin (D:2)
  An adder (D:2)
  A worm (D:2)
  2 endoplasms
  10 goblins
  6 hobgoblins
  A kobold (D:1)
  2 ball pythons
  4 bats
  2 frilled lizards (D:2)
  5 rats (D:1)
35 creatures vanquished.

Notes
Turn   | Place    | Note
-------+----------+-------------------------------------------
     0 | D:1      | styxcanada the Spriggan Brigand began the quest for the
                  | Orb.
     0 | D:1      | Reached XP level 1. HP: 10/10 MP: 2/2
    91 | D:1      | Reached skill level 6 in Stealth
   363 | D:1      | Reached XP level 2. HP: 12/14 MP: 3/3
   560 | D:1      | You fall into a shaft and drop 1 floor!
   585 | D:2      | Noticed Robin
  1073 | D:2      | Reached XP level 3. HP: 18/18 MP: 4/4
  1192 | D:2      | Reached skill level 7 in Stealth
  1367 | D:2      | Killed Robin
  1373 | D:2      | Slain by a goblin

Illustrated notes

Levels and vault maps discovered:
D:1:      lightli_molten_gateway, layout_basic, hex_medium
D:2:      layout_rooms, uniq_robin

Skill      XL: |  1  2  3 |
---------------+----------+-----
Stealth        | 6 7 |  7.3
Dodging        | 2 |  2.0
Short Blades   | 3 |  3.0
Fighting       | |  1.6
Throwing       | |  2.1

Action                   || total
-------------------------++-------
Melee: Dagger            ||    90
       Punch             ||     1
Throw: Dart              ||    11
 Stab: Sleeping          ||    10
Armor: Robe              ||    15
Dodge: Dodged            ||    52
